 Dungeon Crawl Stone Soup version 0.28-a0-1567-g1695149f81 (webtiles) character file.

Game seed: 15971149350102000938

10697 sizableburger the Cutter (level 11, 0/92 HPs)
             Began as a Ghoul Conjurer on Jan 20, 2022.
             Was a High Priest of Cheibriados.
             Slain by an eight-headed hydra (4 damage)
             ... on level 1 of the Lair of Beasts.
             The game lasted 00:41:27 (13745 turns).

sizableburger the Cutter (Ghoul Conjurer)          Turns: 13745, Time: 00:41:28

Health: 0/92       AC: 17    Str: 23    XL:     11   Next: 66%
Magic:  16/16      EV: 12    Int: 28    God:    Cheibriados [*****.]
Gold:   414        SH:  4    Dex: 18    Spells: 4/18 levels left

rFire   . . .      SeeInvis .   h - +4 short sword (drain)
rCold   + + .      Faith    .   K - +0 buckler
rNeg    + + +      Spirit   .   G - +3 ring mail {rC+}
rPois   ∞          Reflect  .   t - +1 helmet
rElec   .          Harm     .   v - +2 cloak {Will+}
rCorr   .          Rampage  .   (no gloves)
Will    +....                   (no boots)
Stlth   +++.......              (no amulet)
HPRegen 0.00/turn               x - +4 ring of slaying
MPRegen 0.15/turn               s - +4 ring of protection

@: inhibited regen, very slow
A: claws 1, cold resistance 1, negative energy resistance 3, inhibited
regeneration, torment resistance 2
a: Renounce Religion, Bend Time, Temporal Distortion, Slouch, Step From Time


You were on level 1 of the Lair of Beasts.
You worshipped Cheibriados.
Cheibriados was extremely pleased with you.
You visited 2 branches of the dungeon, and saw 11 of its levels.

You collected 414 gold pieces.

Inventory:

Hand Weapons
 h - a +4 short sword of draining (weapon)
 I - the +6 great sword of Uncomfortable Rashes {vorpal, Int+7}
   (You found it on level 10 of the Dungeon)

   It inflicts extra damage upon your enemies.
   Int:       It affects your intelligence (+7).
Missiles
 B - a throwing net
 L - a curare-tipped dart
Armour
 a - a +0 robe
 t - a +1 helmet (worn)
 v - a +2 cloak of willpower (worn)
 y - an orb of energy
 z - +0 steam dragon scales
 G - a +3 ring mail of cold resistance (worn)
 K - a +0 buckler (worn)
Magical Staves
 E - a staff of death
Jewellery
 j - an amulet of guardian spirit
 q - a ring of protection from cold
 s - a +4 ring of protection (right claw)
 w - a ring of see invisible
 x - a +4 ring of slaying (left claw)
 A - a ring of wizardry
Wands
 u - a wand of polymorph (6)
 C - a wand of iceblast (2)
 F - a wand of mindburst (6)
 H - a wand of digging (14)
 J - a wand of paralysis (4)
Scrolls
 b - a scroll of torment
 d - 4 scrolls of amnesia
 g - 2 scrolls of silence
 k - 2 scrolls of identify
 r - a scroll of brand weapon
 D - a scroll of enchant weapon
Potions
 c - a potion of might {unknown}
 f - a potion of ambrosia
 i - 2 potions of haste
 l - 3 potions of flight
 n - a potion of lignification
 p - 2 potions of attraction


   Skills:
 - Level 7.0 Fighting
 + Level 7.7 Short Blades
 + Level 1.6 Armour
 - Level 4.2 Dodging
 - Level 5.3 Stealth
 - Level 0.9 Unarmed Combat
 - Level 4.0 Spellcasting
 - Level 6.4 Conjurations
 - Level 6.0 Hexes
 + Level 1.8 Summonings
 + Level 2.0 Ice Magic
 - Level 6.4 Invocations
 + Level 2.8 Evocations


You had 4 spell levels left.
You knew the following spells:

 Your Spells              Type           Power      Damage    Failure   Level
a - Magic Dart            Conj           100%       1d8       1%          1
b - Searing Ray           Conj           82%        2d7       1%          2
c - Fulminant Prism       Conj/Hex       20%        3d13      13%         4
d - Dazzling Flash        Conj/Hex       80%        N/A       3%          3
e - Summon Ice Beast      Ice/Summ       16%        N/A       58%         4

Your spell library contained the following spells:

 Spells                   Type           Power      Damage    Failure   Level
 Summon Small Mammal      Summ           60%        N/A       8%          1
 Animate Skeleton         Necr           10%        N/A       16%         1
 Apportation              Tloc           10%        N/A       16%         1
 Frozen Ramparts          Ice            34%        1d5       22%         3
 Corpse Rot               Necr/Air       10%        N/A       24%         2
 Poisonous Vapours        Pois/Air       10%        N/A       24%         2
 Iskenderun's Mystic Bla  Conj/Tloc      23%        2d6       41%         4
 Ice Form                 Ice/Tmut       Unusable   N/A       N/A         4

Dungeon Overview and Level Annotations

Branches:
Dungeon (10/15)            Temple (0/1) D:7            Lair (1/6) D:10
    Orc: D:9-12

Altars:
Cheibriados
Dithmenos
Kikubaaqudgha
Ru
Trog
Wu Jian
Zin
The Shining One

Shops:
D:3 *

Annotations:
D:10 parzival7114810's ghost, journeyman HOFi


Innate Abilities, Weirdness & Mutations

You thrive by killing the living.
You are immune to poison.
You have sharp fingernails.
Your flesh is cold resistant. (rC+)
You are immune to negative energy. (rN+++)
You do not regenerate when monsters are visible.
You are immune to unholy pain and torment.


Message History

Okay, then.
Okay, then.
You feel better.
The eight-headed hydra bites you but does no damage.
The eight-headed hydra bites you.
* * * LOW HITPOINT WARNING * * *
The eight-headed hydra closely misses you.
The eight-headed hydra bites you but does no damage.
The eight-headed hydra closely misses you.
The eight-headed hydra completely misses you.
The eight-headed hydra bites you.
* * * LOW HITPOINT WARNING * * *
The eight-headed hydra barely misses you.
It was a potion of lignification.
You feel woody for a moment.
The eight-headed hydra barely misses you. x2
The eight-headed hydra bites you but does no damage.
The eight-headed hydra bites you.
* * * LOW HITPOINT WARNING * * *
The eight-headed hydra bites you but does no damage.
You block the eight-headed hydra's attack.
The eight-headed hydra bites you but does no damage.
The eight-headed hydra closely misses you.
It was a potion of berserk rage.
You feel slightly irritated. The eight-headed hydra misses you.
The eight-headed hydra closely misses you.
You block the eight-headed hydra's attack. x2
The eight-headed hydra bites you!
* * * LOW HITPOINT WARNING * * *
The eight-headed hydra closely misses you. x2
The eight-headed hydra barely misses you.
It was a potion of cancellation.
You feel magically purged.
The eight-headed hydra closely misses you.
The eight-headed hydra barely misses you.
You block the eight-headed hydra's attack.
The eight-headed hydra bites you but does no damage.
You block the eight-headed hydra's attack.
The eight-headed hydra bites you.
* * * LOW HITPOINT WARNING * * *
The eight-headed hydra bites you.
You die...

##....... .. ##......
..## ##)..... ....#
#....... ..}..##
#....... .......
##.......
.......#########........
##..........##.##....###
#P.....@D#...........#
#############P###P#.##
### #####


You could see an eight-headed hydra (drained).

Vanquished Creatures
  A two-headed ogre (D:10)
  A cane toad (Lair:1)
  A kobold demonologist (D:10)
  Grinder (D:6)
  3 blink frogs (Lair:1)
  A hornet (D:9)
  14 yaks
  A wraith (D:9)
  A wyvern (D:10)
  6 vampire mosquitoes
  2 steam dragons
  3 water moccasins
  3 ice beasts
  5 orc warriors
  3 sky beasts
  3 black bears
  2 necrophages
  2 centaurs (D:8)
  A wolf (Lair:1)
  3 ogres
  6 kobold brigands
  4 bullfrogs
  2 gnoll sergeants
  A wyvern zombie (D:7)
  5 scorpions
  8 killer bees
  6 howler monkeys
  A bullfrog zombie (D:5)
  3 centaur zombies
  6 hounds
  3 jellies
  4 iguanas
  6 orc priests
  Crazy Yiuf (D:6)
  3 centaur skeletons
  A gnoll shaman (D:4)
  A bullfrog skeleton (D:6)
  Natasha (twice) (D:5)
  5 orc wizards
  6 adders
  12 gnolls
  A howler monkey skeleton (D:7)
  A shadow imp (D:5)
  A white imp (D:6)
  An ufetubus (D:5)
  A worm (D:6)
  4 dart slugs
  29 orcs
  5 endoplasms
  3 giant cockroaches
  12 hobgoblins
  2 quokkas
  7 ball pythons
  3 bats
  2 frilled lizards
  10 goblins
  22 kobolds
  4 rats
251 creatures vanquished.

Vanquished Creatures (others)
  19 fulminant prisms
  6 fungi
  3 plants
28 creatures vanquished.

Grand Total: 279 creatures vanquished

Notes
Turn   | Place    | Note
-------+----------+-------------------------------------------
     0 | D:1      | sizableburger the Ghoul Conjurer began the quest for the
                  | Orb.
     0 | D:1      | Reached XP level 1. HP: 14/14 MP: 2/2
   442 | D:1      | Reached XP level 2. HP: 22/22 MP: 0/3
   609 | D:1      | Reached skill level 1 in Fighting
   677 | D:1      | Learned a level 2 spell: Searing Ray
   814 | D:1      | Found a faded altar of an unknown god.
  1090 | D:1      | Reached XP level 3. HP: 28/28 MP: 2/5
  1640 | D:2      | Reached skill level 1 in Short Blades
  1640 | D:2      | Reached XP level 4. HP: 36/36 MP: 1/6
  2133 | D:3      | Noticed a water moccasin
  2146 | D:3      | Killed a water moccasin
  2147 | D:3      | Reached XP level 5. HP: 31/42 MP: 1/8
  2450 | D:3      | Found an ancient bone altar of Kikubaaqudgha.
  2661 | D:3      | Found a shadowy altar of Dithmenos.
  2685 | D:3      | Found an ornate altar of the Wu Jian Council.
  2698 | D:3      | Reached XP level 6. HP: 29/50 MP: 4/9
  2900 | D:3      | Found Nastre's General Store.
  3419 | D:4      | Learned a level 4 spell: Fulminant Prism
  3439 | D:4      | Reached XP level 7. HP: 57/57 MP: 10/10
  3477 | D:4      | Noticed a steam dragon
  4104 | D:5      | Entered Level 5 of the Dungeon
  4216 | D:5      | Reached skill level 1 in Hexes
  4916 | D:5      | Reached XP level 8. HP: 66/67 MP: 6/13
  5373 | D:5      | Reached skill level 5 in Fighting
  5512 | D:6      | Noticed Grinder
  5550 | D:4      | Noticed Natasha
  5653 | D:5      | Killed Natasha
  5816 | D:5      | Learned a level 3 spell: Dazzling Flash
  6136 | D:6      | Paralysed by Grinder for 2 turns
  6141 | D:6      | Killed Grinder
  6142 | D:6      | Reached skill level 5 in Conjurations
  6259 | D:6      | Reached XP level 9. HP: 68/75 MP: 14/14
  6315 | D:6      | Found a snail-covered altar of Cheibriados.
  6343 | D:6      | Became a worshipper of Cheibriados the Contemplative
  6505 | D:6      | Found a runed translucent door.
  6506 | D:6      | Noticed Crazy Yiuf
  6520 | D:6      | Killed Crazy Yiuf
  6858 | D:6      | Reached skill level 5 in Short Blades
  7031 | D:6      | Found a sacrificial altar of Ru.
  7075 | D:6      | Reached * piety under Cheibriados
  7177 | D:6      | Noticed Maggie
  7192 | D:6      | Noticed Maggie
  7192 | D:6      | Maggie changed into Maggie the scorpion
  7197 | D:6      | Killed Maggie the scorpion
  8020 | D:4      | Reached skill level 1 in Invocations
  8511 | D:5      | Noticed Natasha
  8522 | D:5      | Killed Natasha
  8912 | D:7      | Reached ** piety under Cheibriados
  9579 | D:7      | Reached XP level 10. HP: 86/86 MP: 15/15
  9580 | D:7      | Found a staircase to the Ecumenical Temple.
  9968 | D:8      | Reached *** piety under Cheibriados
  9969 | D:8      | Reached skill level 5 in Hexes
 10302 | D:8      | Found a bloodstained altar of Trog.
 11320 | D:9      | Reached skill level 5 in Invocations
 11335 | D:9      | Reached **** piety under Cheibriados
 11537 | D:9      | Reached XP level 11. HP: 70/92 MP: 6/16
 11969 | D:9      | Reached skill level 1 in Evocations
 12299 | D:9      | Learned a level 4 spell: Summon Ice Beast
 12664 | D:10     | Entered Level 10 of the Dungeon
 12701 | D:10     | Identified the +6 great sword of Uncomfortable Rashes
                  | {vorpal, Int+7}
 12742 | D:10     | Reached skill level 5 in Stealth
 12874 | D:10     | Noticed an orb spider
 12878 | D:10     | Noticed parzival7114810's ghost (journeyman HOFi)
 12905 | D:10     | Noticed a two-headed ogre
 12913 | D:10     | Killed a two-headed ogre
 13135 | D:10     | Noticed an anaconda
 13150 | D:10     | Noticed a hell hog
 13150 | D:10     | Noticed a sun demon
 13154 | D:10     | Noticed a rakshasa
 13164 | D:10     | Found a staircase to the Lair.
 13168 | D:10     | Noticed a death yak
 13432 | D:10     | Reached ***** piety under Cheibriados
 13433 | D:10     | Reached skill level 1 in Summonings
 13433 | D:10     | Reached skill level 1 in Ice Magic
 13537 | D:10     | Reached skill level 1 in Armour
 13560 | Lair:1   | Entered Level 1 of the Lair of Beasts
 13726 | Lair:1   | Noticed an eight-headed hydra
 13739 | Lair:1   | HP: 4/92 [eight-headed hydra (12)]
 13745 | Lair:1   | HP: 4/92 [eight-headed hydra (2)]
 13745 | Lair:1   | Slain by an eight-headed hydra

Illustrated notes

Levels and vault maps discovered:
D:1:      minmay_arrival_four_houses, layout_loops_ring,
          dreamdust_ecumenical_altar_hidden_monk_grotto, st_stairs_5,
          kennysheep_small_spiral, minmay_three_crescents
D:2:      layout_basic, serial_curves, eino_curves_01, eino_curves_02,
          minmay_pentomino_q4
D:3:      layout_loops_cross, mainiacjoe_overflow_concentric_impassable,
          grunt_temple_overflow_open, serial_shops, nicolae_shop_statue_plus,
          small_statue_intersection, minmay_cupped
D:4:      minmay_clustersquares, layout_basic, minmay_box_of_dots, uniq_natasha
D:5:      layout_layer_cave
D:6:      layout_loops_ring, mainiacjoe_overflow_cross_hatched, slow_altar_1,
          uniq_maggie, uniq_crazy_yiuf_cottage, uniq_grinder
D:7:      layout_rooms, temple_hall, moated_statue, kennysheep_generic_room_14
D:8:      layout_basic, trog_three_pillars_becter
D:9:      layout_long_grid
D:10:     layout_basic, david_lair_generic, gammafunk_ghost_abyssal_escape,
          minmay_unpleasant_kobolds, uniq_harold
Lair:1:   layout_cave_pods, st_stairs_3, infiniplex_staircase_pool_2

Skill      XL: |  1  2  3  4  5  6  7  8  9 10 11 |
---------------+----------------------------------+-----
Spellcasting   | 2 3 4 |  4.0
Fighting       | 1 2 3 4 5 7 |  7.0
Short Blades   | 1 2 3 4 5 6 7 |  7.7
Conjurations   | 4 5 6 |  6.4
Hexes          | 1 3 4 5 6 |  6.0
Invocations    | 3 5 6 |  6.4
Dodging        | 2 4 |  4.2
Stealth        | 4 5 |  5.3
Evocations     | 2 |  2.8
Summonings     | 1 |  1.8
Ice Magic      | 2 |  2.0
Armour         | 1 |  1.6
Unarmed Combat | |  0.9

Action                   |  1- 3 |  4- 6 |  7- 9 | 10-12 || total
-------------------------+-------+-------+-------+-------++-------
Melee: Unarmed           |    21 |       |       |       ||    21
       Short sword       |     5 |    58 |   290 |   332 ||   685
       Punch             |       |       |     5 |     9 ||    14
 Cast: Magic Dart        |    38 |     3 |     3 |     2 ||    46
       Searing Ray       |     3 |    15 |    34 |    14 ||    66
       Dazzling Flash    |       |       |     5 |    16 ||    21
       Fulminant Prism   |       |       |     4 |    15 ||    19
Invok: Bend Time         |       |       |       |     1 ||     1
Evoke: Wand              |       |       |     2 |     5 ||     7
  Use: Scroll            |       |       |    11 |    10 ||    21
       Potion            |       |       |       |     8 ||     8
 Stab: Sleeping          |       |     1 |     2 |       ||     3
       Invisible         |       |       |     1 |     9 ||    10
Armor: Robe              |     6 |    17 |    79 |       ||   102
       Steam dragon scal |       |       |    78 |    25 ||   103
       Ring mail         |       |       |       |   167 ||   167
Dodge: Dodged            |    23 |    43 |   196 |   306 ||   568
Block: Buckler           |       |       |       |    22 ||    22

Table legend: (Time is in decaauts)
 A = Elapsed time spent in this place.
 B = Non-inter-level travel time spent in this place.
 C = Inter-level travel time spent in this place.
 D = Time resting spent in this place.
 E = Time spent auto-exploring this place.
 F = Levels seen in this place.
 G = Mean time per level.
                   A        B        C        D        E       F      G
               +--------+--------+--------+--------+--------+-----+--------+
         Total |  15735 |  14852 |    883 |   4286 |   7929 |  11 | 1430.5 |
       Dungeon |  15499 |  14616 |    883 |   4227 |   7817 |  10 | 1549.9 |
          Lair |    235 |    235 |      0 |     59 |    111 |   1 |  235.0 |
               +--------+--------+--------+--------+--------+-----+--------+

Top non-repeatable levels by time:
     D:6: 2328 daAuts
     D:9: 2291 daAuts
     D:5: 1901 daAuts
     D:4: 1818 daAuts
     D:8: 1783 daAuts
     D:1: 1441 daAuts
    D:10: 1188 daAuts
     D:3: 1146 daAuts
     D:7: 987 daAuts
     D:2: 614 daAuts
  Lair:1: 235 daAuts
